Map: Blackpink LE

Players

Gemini

  • Race: Protoss Protoss
  • League: Grandmaster
  • Spawn Location: 1:00

A.I. 1 (Very Easy) - Winner!

  • Race: Terran Terran
  • Spawn Location: 7:00

VOD

Have the link to the VOD?

Description

Time

  • Played on: May 12, 2018, 2:30 p.m.
  • Length: 8:10
Show
View Real Time Build Order
Export as new Build Order

Gemini Protoss 

Build Orders: 1 Gate Expand, Blink Stalkers, Dark Templar Rush 

Get SALT Encoding   

  12  0:00  Probe  
  13  0:13  Probe  
  14  0:19  Pylon  
  14  0:24  Probe  
  15  0:33  Probe  
  15  0:37  Gateway  
  15  0:41  Probe  
  16  0:47  Assimilator  
  17  0:52  Probe  
  18  1:04  Probe  
  19  1:16  Probe  
  20  1:24  Nexus  
  20  1:34  Cybernetics Core  
  20  1:37  Probe  
  21  1:44  Assimilator  
  21  1:49  Probe  
  21  1:52  Pylon  
  22  2:01  Probe  
  22  2:02  Adept  
  23  2:11  Warp Gate  
  23  2:13  Probe  
  26  2:21  Twilight Council  
  26  2:25  Probe  
  27  2:30  Stalker  
  27  2:32  Probe  
  27  2:33  Probe  
  30  2:40  Probe  
  30  2:42  Probe  
  31  2:50  Probe  
  33  2:52  Probe  
  33  2:58  Dark Shrine  
  35  3:02  Probe  
  35  3:04  Probe  
  37  3:14  Probe  
  37  3:16  Probe  
  37  3:17  Assimilator  
  37  3:18  Blink  
  39  3:22  Gateway  
  39  3:26  Probe  
  40  3:29  Probe  
  41  3:38  Probe  
  42  3:41  Probe, Pylon, Assimilator  
  42  3:46  Gateway  
  43  3:50  Probe  
  43  3:53  Probe  
  45  3:57  Pylon  
  45  4:02  Probe  
  46  4:05  Probe  
  46  4:08  Shield Battery  
  47  4:12  Shadow Stride  
  47  4:14  Probe  
  48  4:17  Dark Templar x2  
  48  4:18  Probe  
  53  4:27  Pylon  
  53  4:39  Nexus  
  53  4:42  Pylon  
  53  4:44  Probe  
  53  4:45  Probe  
  55  4:56  Probe  
  56  5:06  Forge  
  56  5:07  Forge  
  56  5:08  Probe  
  56  5:11  Probe  
  58  5:15  Charge  
  58  5:19  Gateway x2  
  58  5:20  Gateway  
  58  5:27  Probe x2  
  60  5:30  Protoss Ground Weapons Level 1  
  60  5:32  Protoss Ground Armor Level 1  
  60  5:37  Gateway  
  60  5:38  Gateway  
  60  5:39  Probe x2  
  62  5:47  Sentry  
  64  5:51  Probe x2  
  64  5:52  Probe  
  67  6:01  Robotics Facility  
  67  6:03  Probe x2  
  69  6:04  Probe  
  70  6:11  Dark Templar x3  
  70  6:15  Probe x2  
  70  6:16  Probe  
  79  6:26  Zealot x3  
  79  6:27  Probe x2  
  79  6:29  Pylon  
  79  6:31  Probe  
  88  6:34  Pylon  
  88  6:40  Probe x2  
  88  6:43  Zealot  
  88  6:44  Pylon  
  92  6:50  Probe  
  92  6:52  Probe x2  
  95  6:54  Observer  
  95  6:56  Robotics Facility  
  95  6:58  Pylon  
  94  7:02  Robotics Bay  
  94  7:05  Zealot, Stalker x4  
  94  7:07  Probe  
  105  7:20  Assimilator  
  105  7:21  Assimilator  
  103  7:23  Zealot, Stalker x2  
  103  7:26  Pylon  
  103  7:27  Pylon  
  109  7:44  Zealot x4  
  109  7:45  Zealot  
  109  7:50  Stalker  
  109  7:51  Stalker x2  
Show
View Real Time Build Order
Export as new Build Order

A.I. 1 (Very Easy) Terran - Winner!

Build Orders: Reaper Expand 

Get SALT Encoding   

  12  0:00  SCV  
  13  0:13  SCV  
  14  0:18  Supply Depot  
  14  0:41  Barracks  
  14  1:04  Command Center  
  14  1:27  Marine  
  14  1:29  Supply Depot  
  14  1:30  Orbital Command  
  15  1:37  Refinery  
  15  1:49  Refinery  
  15  1:56  SCV  
  16  2:08  SCV  
  17  2:17  Reaper  
  17  2:20  SCV  
  17  2:21  SCV  
  20  2:32  SCV  
  20  2:36  SCV  
  22  2:40  Refinery  
  22  2:44  SCV  
  22  2:50  SCV  
  24  2:57  SCV  
  25  3:04  SCV, Marine  
  27  3:11  SCV  
  28  3:18  SCV  
  29  3:25  Factory  
  29  3:26  SCV  
  30  3:46  Refinery  
  30  3:49  SCV  
  30  3:50  Marine  
  32  3:57  Supply Depot  
  32  3:59  SCV  
  33  4:06  SCV  
  34  4:11  Starport, Barracks Tech Lab  
  34  4:13  SCV  
  35  4:20  SCV  
  36  4:28  SCV  
  36  4:31  Supply Depot  
  37  4:35  SCV  
  37  4:37  Marauder  
  40  4:42  SCV  
  39  4:49  SCV, Starport Tech Lab  
  32  4:57  SCV  
  28  5:04  SCV  
  28  5:06  Hellion  
  31  5:08  Raven  
  31  5:11  SCV  
  34  5:18  SCV  
  35  5:25  SCV  
  36  5:32  SCV  
  37  5:40  SCV  
  38  5:47  SCV  
  39  5:51  Viking  
  39  5:54  SCV  
  42  6:01  SCV  
  43  6:08  SCV  
  44  6:15  SCV  
  45  6:21  Raven  
  45  6:23  SCV  
  48  6:27  Supply Depot  
  48  6:30  SCV  
  48  6:32  Marine  
  50  6:37  SCV  
  51  6:51  SCV  
  50  6:58  SCV  
  43  7:15  SCV  
  43  7:19  Marauder  
  40  7:23  SCV  
  27  7:30  SCV  
  28  7:37  SCV  
  24  7:44  SCV  
  23  7:52  SCV  
Tags
 
Add a new tag
Caveats
  • Supply blocks, unpowered buildings, or Contaminate may cause inaccurate times.
  • Supply counts are checked every 10 seconds.